 Dungeon Crawl Stone Soup version 0.30-a0-937-ga0a21ad780 (webtiles) character file.

Game seed: 13125504642808437096

1707 Iniera the Conjurer (level 9, -6/51 HPs)
             Began as an Octopode Conjurer on Mar 24, 2023.
             Was a Follower of Dithmenos.
             Mangled by an orc warrior
             ... wielding a +0 war axe
              (22 damage)
             ... in a bailey.
             The game lasted 00:13:21 (5247 turns).

Iniera the Conjurer (Octopode Conjurer)             Turns: 5247, Time: 00:13:22

Health: -6/51      AC:  1    Str:  6    XL:     9   Next: 3%
Magic:  16/16      EV: 12    Int: 24    God:    Dithmenos [*.....]
Gold:   84         SH:  4    Dex: 11    Spells: 6/17 levels left

rFire   . . .      SeeInvis .    c - +1 dagger
rCold   . . .      Faith    .    h - +0 buckler
rNeg    . . .      Spirit   .    (helmet restricted)
rPois   .          Reflect  .    l - amulet of magic regeneration
rElec   .          Rampage  .    d - +4 ring of slaying
rCorr   .                        (no ring)
Will    .....                    (no ring)
Stlth   +++                      (no ring)
HPRegen 0.28/turn                (no ring)
MPRegen 0.55/turn                (no ring)
                                 (no ring)
                                 (no ring)

@: on berserk cooldown, slowed, wreathed by umbra, studying Ranged Weapons, very
slow
A: almost no armour, amphibious, 8 rings, camouflage 1, gelatinous body 1,
(nimble swimmer 1), tentacles
a: Renounce Religion


You were in a bailey.
You worshipped Dithmenos.
Dithmenos was aware of your devotion.
You visited 2 branches of the dungeon, and saw 8 of its levels.
You also visited: Bailey.

You collected 234 gold pieces.
You spent 150 gold pieces at shops.

Inventory:

Hand Weapons
 c - a +1 dagger (weapon)
Armour
 h - a +0 buckler (worn)
 o - the +8 tower shield of the Moon Troll {Regen+ Dex+3 Stlth+}
   (You took it off a hobgoblin on level 4 of the Dungeon)

   Dex:       It affects your dexterity (+3).
   Regen:     It increases your rate of health regeneration.
   Stlth:     It makes you more stealthy.
Jewellery
 d - a +4 ring of slaying (left tentacle)
 l - an amulet of magic regeneration (around mantle)
 r - a ring of see invisible
Scrolls
 b - a scroll of immolation {unknown}
 f - 3 scrolls of teleportation
 j - 2 scrolls of enchant armour
Potions
 e - 3 potions of attraction {unknown}
 g - a potion of flight
 i - a potion of lignification {unknown}
 k - 6 potions of curing
 m - a potion of brilliance {unknown}
 n - a potion of might {unknown}
 p - 2 potions of haste {unknown}
 s - 2 potions of heal wounds {unknown}


   Skills:
 - Level 2.0 Dodging
 - Level 2.6 Stealth
 + Level 4.2 Shields
 + Level 4.7 Spellcasting
 + Level 7.2 Conjurations
 + Level 4.6 Hexes
 + Level 4.5 Translocations


You had 6 spell levels left.
You knew the following spells:

 Your Spells              Type           Power      Damage    Failure   Level
a - Magic Dart            Conj           100%       1d8       1%          1
b - Searing Ray           Conj           80%        2d7       1%          2
c - Fulminant Prism       Conj/Hex       17%        3d10      10%         4
d - Iskenderun's Mystic   Conj/Tloc      33%        2d8       11%         4

Your spell library contained the following spells:

 Spells                   Type           Power      Damage    Failure   Level
 Dazzling Flash           Conj/Hex       68%        N/A       3%          3
 Freezing Cloud           Conj/Ice/Air   8%         6-21      75%         5
 Simulacrum               Ice/Necr       2%         N/A       100%        6
 Polar Vortex             Ice            2%         N/A       100%        9


Dungeon Overview and Level Annotations

Branches:
Dungeon (7/15)             Temple (1/1) D:5          Bailey (1/1)

Altars:
Ashenzari
Dithmenos
Fedhas
Gozag
Hepliaklqana
Kikubaaqudgha
Makhleb
Nemelex Xobeh
Qazlal
Trog
Vehumet
Xom
Zin
The Shining One

Shops:
D:3 *

Annotations:
D:5 exclusion: downstairs


Innate Abilities, Weirdness & Mutations

You cannot wear most types of armour.
You are amphibious.
You can wear up to eight rings at the same time.
Your skin changes colour to match your surroundings (Stealth+).
Your rubbery body absorbs attacks. (AC +1, EV +1)
((You are camouflaged when in or above water. (Stealth+)))
You have tentacles for arms and can constrict up to eight enemies at once.


Message History

The searing ray hits the kobold brigand!
The kobold brigand is moderately wounded. (Press . to maintain the ray.)
An orc warrior comes into view. It is wielding a +0 war axe.
Unknown command.
The searing ray hits the kobold brigand.
The kobold brigand is heavily wounded.
The orc warrior shouts!
The kobold brigand closely misses you.
Unknown command.
The searing ray hits the kobold brigand.
The kobold brigand is severely wounded.
The kobold brigand hits you with a +0 war axe!
The kobold brigand hits you with a +0 war axe.
* * * LOW HITPOINT WARNING * * *
The searing ray hits the kobold brigand.
The kobold brigand is almost dead.
The searing ray misses the orc warrior.
You finish channelling your searing ray.
You block the kobold brigand's attack.
Unknown command.
Casting: Searing Ray (safe; 1% risk of failure)
Confirm with . or Enter, or press ? or * to list all spells.
The spell is quite dangerous to miscast (12% risk of failure)!
Continue anyway?
You erupt in a blast of force!
The mystic blast hits the kobold brigand.
The kobold brigand is almost dead.
The kobold brigand is knocked back by the mystic blast.
The kobold brigand collides with the orc warrior!
You kill the kobold brigand!
Dithmenos accepts your kill.
You have reached level 9!
Your experience leads to an increase in your attributes!
Increase (S)trength, (I)ntelligence, or (D)exterity?
You feel clever. x2
Okay, then.
Okay, then.
Magic courses through your body.
The orc warrior hits you with a +0 war axe!!
You die...

#..†# #...# #.()#
####...####
#~.......~##
#~~.......~~#####
.~(.....(.~~....#
#(~.......~~###.#
.~~.....@.~~....#
#~~.....o.~~###.#
.~~.....)(~~....#
#~~.......~~###.#
~~.....(.~~....#
~~.......~~###.#
~~.......~~....#
~~.......~~#####
#~.......~##


You could see an orc warrior.

Vanquished Creatures
  An ice beast (D:5)
  A sky beast (D:5)
  3 orc warriors
  2 phantoms
  4 kobold brigands (Bailey)
  A bullfrog (D:7)
  2 scorpions
  2 jellies (D:5)
  A gnoll bouda (D:4)
  2 orc priests (D:7)
  2 hounds (D:5)
  2 sleepcaps
  8 iguanas
  4 gnolls
  5 adders
  3 worms
  3 dart slugs (D:1)
  12 orcs
  5 endoplasms
  A giant cockroach (D:3)
  10 goblins
  4 hobgoblins
  6 jackals
  2 quokkas
  5 ball pythons
  5 bats
  2 frilled lizards (D:3)
  11 kobolds
  5 rats
114 creatures vanquished.

Vanquished Creatures (others)
  3 fulminant prisms
  5 fungi (D:4)
8 creatures vanquished.

Grand Total: 122 creatures vanquished

Notes
Turn   | Place    | Note
-------+----------+-------------------------------------------
     0 | D:1      | Iniera the Octopode Conjurer began the quest for the Orb.
     0 | D:1      | Reached XP level 1. HP: 11/11 MP: 3/3
   340 | D:1      | Reached XP level 2. HP: 8/17 MP: 0/5
   515 | D:1      | Learned a level 2 spell: Searing Ray
   753 | D:1      | Reached XP level 3. HP: 21/21 MP: 3/6
   869 | D:1      | Reached skill level 5 in Conjurations
  1346 | D:2      | Found a blossoming altar of Fedhas.
  1898 | D:3      | Found a shimmering altar of Xom.
  1907 | D:3      | Reached XP level 4. HP: 8/27 MP: 4/7
  2131 | D:3      | Reached skill level 1 in Hexes
  2131 | D:3      | Reached skill level 1 in Translocations
  2174 | D:3      | Reached XP level 5. HP: 22/31 MP: 5/8
  2240 | D:3      | Found a glowing golden altar of the Shining One.
  2278 | D:3      | Found Tuagath's General Store.
  2286 | D:3      | Bought a scroll of identify for 24 gold pieces
  2286 | D:3      | Bought a scroll of teleportation for 36 gold pieces
  2982 | D:4      | Found a hazy altar of Hepliaklqana.
  3094 | D:4      | Reached XP level 6. HP: 36/36 MP: 5/10
  3128 | D:4      | Reached skill level 1 in Shields
  3160 | D:4      | Identified the +8 tower shield of the Moon Troll {Regen+
                  | Dex+3 Stlth+}
  3186 | D:4      | Learned a level 4 spell: Fulminant Prism
  3279 | D:4      | Reached skill level 6 in Conjurations
  3342 | D:4      | Learned a level 4 spell: Iskenderun's Mystic Blast
  3376 | D:4      | Noticed an orc warrior
  3385 | D:4      | Identified the +4 quarterstaff of Departure {drain, Int+2
                  | Stlth+}
  3574 | D:4      | Reached XP level 7. HP: 36/41 MP: 9/11
  3741 | D:4      | Found a sparkling altar of Nemelex Xobeh.
  4054 | D:5      | Entered Level 5 of the Dungeon
  4098 | D:5      | Found a broken altar of Ashenzari.
  4102 | D:5      | Found a staircase to the Ecumenical Temple.
  4114 | Temple   | Entered the Ecumenical Temple
  4239 | Temple   | Became a worshipper of Dithmenos the Shadowed
  4420 | D:5      | Reached XP level 8. HP: 25/46 MP: 6/13
  4497 | D:5      | Found Zin's Purification Station.
  4497 | D:5      | Found a glowing silver altar of Zin.
  4507 | D:5      | Bought a potion of curing for 90 gold pieces
  4806 | D:6      | Noticed a wyvern
  4935 | D:7      | Found a flagged portal.
  5041 | Bailey   | Entered a bailey
  5069 | Bailey   | Reached * piety under Dithmenos
  5144 | Bailey   | Reached skill level 7 in Conjurations
  5247 | Bailey   | Reached XP level 9. HP: 16/51 MP: 3/16
  5247 | Bailey   | Mangled by an orc warrior

Illustrated notes

Levels and vault maps discovered:
D:1:      dpeg_arrival_round_b, layout_basic
D:2:      layout_rooms, basic_altar
D:3:      layout_rooms, xom_teletrap_fun, nicolae_tso_swordbearing_angel,
          serial_shops, shop_statue
D:4:      layout_layer_cave, mainiacjoe_overflow_alcove_1,
          mainiacjoe_overflow_boulevard, minmay_manual_mail
D:5:      layout_cave_pools, zin_purify, ashenzari_altar_1, temple_fountains
D:6:      layout_loops_ring, nicolae_ossuary_entry_ruins
D:7:      minmay_the_grid_octo_tiled_octocenter [minmay_the_grid_octo_chip,
          minmay_the_grid_octo_clover, minmay_the_grid_octo_concentric,
          minmay_the_grid_octo_pinwheel,
          minmay_the_grid_octo_prize_single_spiral,
          minmay_the_grid_square_5x5_fancy_junction,
          minmay_the_grid_square_5x5_intrusive_squares,
          minmay_the_grid_square_5x5_hourglass,
          minmay_the_grid_square_5x5_half_checkered], layout_gridville,
          mainiacjoe_overflow_brackets, fedhas_bush_and_centaur_altar,
          enter_bailey_5, serial_shops, nicolae_inconvenience_store, uniq_maggie
Temple:   nicolae_temple_bog_church
Bailey:   bailey_axe_3, bailey

Skill      XL: |  1  2  3  4  5  6  7  8 |
---------------+-------------------------+-----
Conjurations   | 5 6 7 |  7.2
Hexes          | 1 2 3 4 |  4.6
Translocations | 1 2 3 4 |  4.5
Shields        | 1 3 4 |  4.2
Spellcasting   | 3 4 |  4.7
Dodging        | |  2.0
Stealth        | |  2.6

Action                     |  1- 3 |  4- 6 |  7- 9 || total
---------------------------+-------+-------+-------++-------
  Melee: Dagger            |    20 |     4 |    14 ||    38
         Constrict         |     5 |     2 |     7 ||    14
         Unarmed           |     1 |       |       ||     1
         Tentacles         |     6 |     1 |     5 ||    12
   Cast: Magic Dart        |    50 |    82 |    91 ||   223
         Searing Ray       |     1 |    16 |    24 ||    41
         Fulminant Prism   |       |       |     3 ||     3
         Iskenderun's Myst |       |       |     1 ||     1
  Evoke: Wand              |       |       |     1 ||     1
    Use: Scroll            |     5 |     4 |     3 ||    12
         Potion            |       |       |     1 ||     1
   Stab: Sleeping          |     2 |       |     1 ||     3
 Armour: Skin              |     3 |       |     4 ||     7
  Dodge: Dodged            |    17 |     7 |    25 ||    49
  Block: Buckler           |       |     1 |     6 ||     7

Table legend: (Time is in decaauts)
 A = Elapsed time spent in this place.
 B = Non-inter-level travel time spent in this place.
 C = Inter-level travel time spent in this place.
 D = Time resting spent in this place.
 E = Time spent auto-exploring this place.
 F = Levels seen in this place.
 G = Mean time per level.
                   A        B        C        D        E       F      G
               +--------+--------+--------+--------+--------+-----+--------+
         Total |   5260 |   5068 |    192 |    319 |   3894 |   9 |  584.4 |
       Dungeon |   4906 |   4733 |    173 |    254 |   3713 |   7 |  700.9 |
        Temple |    134 |    115 |     19 |      0 |    108 |   1 |  134.0 |
        Bailey |    220 |    220 |      0 |     65 |     73 |   1 |  220.0 |
               +--------+--------+--------+--------+--------+-----+--------+

Top non-repeatable levels by time:
     D:4: 1570 daAuts
     D:1: 1153 daAuts
     D:2: 693 daAuts
     D:3: 644 daAuts
     D:5: 591 daAuts
  Bailey: 220 daAuts
     D:7: 160 daAuts
  Temple: 134 daAuts
     D:6: 91 daAuts
